 Dungeon Crawl Stone Soup version 0.32-a0-893-gf85d74f360 (webtiles) character file.

Game seed: 7068347420168118897

979 Heh the Carver (level 8, 0/56 HPs)
             Began as a Coglin Gladiator on Apr 3, 2024.
             Was an Initiate of Gozag.
             Killed from afar by a steam dragon (10 damage)
             ... with a ball of steam
             ... on level 6 of the Dungeon.
             The game lasted 00:05:17 (3173 turns).

Heh the Carver (Coglin Gladiator)                   Turns: 3173, Time: 00:05:18

Health: 0/56       AC:  6    Str: 14    XL:     8   Next: 17%
Magic:  8/8        EV: 10    Int:  9    God:    Gozag
Gold:   340        SH:  0    Dex: 17    Spells: 7/7 levels left

rFire   . . .        a - +0 long sword {Nari}
rCold   . . .        o - +0 short sword {Nittaya}
rNeg    . . .        t - +0 ring mail
rPois   .            c - +0 helmet
rElec   .            (no cloak)
rCorr   .            (no gloves)
SInv    .            (no boots)
Will    .....        (amulet unavailable)
Stlth   +            (ring unavailable)
HPRegen 0.29/turn    (ring unavailable)
MPRegen 0.11/turn    (no gizmo)

%: no passive effects
@: revving
A: off-hand wielding, slow wielding, warmup strikes, no jewellery
a: Invent Gizmo, Renounce Religion, Potion Petition, Call Merchant, Bribe Branch


You were on level 6 of the Dungeon.
You worshipped Gozag.
Gozag was aware of your devotion.
You visited 2 branches of the dungeon, and saw 6 of its levels.

You collected 386 gold pieces.
You paid 46 gold pieces to Gozag.

Inventory:

Hand Weapons
 a - a +0 long sword (weapon) {Nari}
 f - a +0 dagger {Heine}
 o - a +0 short sword (offhand) {Nittaya}
Missiles
 d - a throwing net (quivered)
 e - 4 javelins
Armour
 b - a +0 leather armour
 c - a +0 helmet (worn)
 g - a +0 plate armour
 l - a +0 ring mail
 t - a +0 ring mail (worn)
Scrolls
 h - 2 scrolls of identify {unknown}
 i - 3 scrolls of revelation {unknown}
 j - 2 scrolls of amnesia {unknown}
 k - a scroll of silence {unknown}
 m - 3 scrolls of enchant weapon {unknown}
 n - a scroll of teleportation {unknown}
 p - a scroll of fear {unknown}
 q - a scroll of brand weapon {unknown}
Potions
 s - a potion of resistance {unknown}


   Skills:
 - Level 2.0 Fighting
 + Level 9.7 Long Blades
 - Level 1.7 Throwing
 - Level 2.6 Dodging


You had 7 spell levels left.
You didn't know any spells.
Your spell library contained the following spells:

 Spells                   Type           Power      Damage    Failure   Level
 Freeze                   Ice            0%         1d3       63%         1
 Frozen Ramparts          Ice            0%         1d1       94%         3
 Hailstorm                Conj/Ice       0%         3d5       94%         3


Dungeon Overview and Level Annotations

Branches:
Dungeon (6/15)             Temple (1/1) D:4

Altars:
Ashenzari
Cheibriados
Dithmenos
Elyvilon
Fedhas
Gozag
Hepliaklqana
Kikubaaqudgha
Makhleb
Okawaru
Qazlal
Ru
Sif Muna
Trog
Uskayaw
Vehumet
Wu Jian
Xom
Yredelemnul
The Shining One

Annotations:
D:5 Dowan, Duvessa


Innate Abilities, Weirdness & Mutations

You can wield a second weapon in your off-hand.
It takes a long time for you to wield or remove held weapons.
Your first few attacks do less damage.
You cannot equip rings or amulets.


Message History

You're standing in a cloud of steam!
No reachable target in view!
No reachable target in view!
No reachable target in view!
No reachable target in view!
The steam dragon breathes steam at you. The ball of steam hits you!!
The steam dragon breathes steam at you. The ball of steam misses you.
You're standing in a cloud of steam!
A steam dragon is nearby!
A steam dragon is nearby!
You hit the steam dragon with your +0 long sword.
The steam dragon is lightly wounded.
You hit the steam dragon with your +0 short sword.
The steam dragon misses you.
The steam dragon claws you but does no damage.
You barely miss the steam dragon with your +0 short sword.
The steam dragon is lightly wounded.
You hit the steam dragon with your +0 long sword.
You hit the steam dragon with your +0 long sword.
The steam dragon is heavily wounded.
You hit the steam dragon but do no damage.
The steam dragon breathes steam at you. The ball of steam hits you!!
* * * LOW HITPOINT WARNING * * *
You barely miss the steam dragon with your +0 short sword.
The steam dragon is heavily wounded.
You closely miss the steam dragon with your +0 long sword.
You are engulfed in a cloud of scalding steam.
* * * LOW HITPOINT WARNING * * *
The steam dragon completely misses you. The steam dragon claws you.
* * * LOW HITPOINT WARNING * * *
You feel better.
You are engulfed in a cloud of scalding steam.
* * * LOW HITPOINT WARNING * * *
The steam dragon breathes steam at you. The ball of steam hits you!
You die...
Your body crumbles into a pile of gold.

...# ####### #
#.######.....# #.
#...§§.#..##.#
#.###.####D#...#.###
#.....# #..........
###.### ###...#.###
#.# #§.##.# #D#
#D....# #@# ##.####
#§# #§# #..§§# ...
#.#### ..... #
....... .........##
+.........+.
#.........## ...


You could see a steam dragon (catching breath).

Vanquished Creatures
  An ogre (D:6)
  3 phantoms (D:4)
  4 scorpions
  A water moccasin skeleton (D:4)
  2 bombardier beetles
  An orc priest (D:4)
  4 hounds
  A sleepcap (D:4)
  An orc wizard (D:4)
  A hound zombie (D:4)
  A hound skeleton (D:4)
  5 adders
  2 adder zombies (D:4)
  An adder skeleton (D:4)
  4 dart slugs
  2 orcs (D:4)
  4 bats (D:1)
  3 endoplasms
  6 giant cockroaches
  6 goblins
  5 hobgoblins
  4 kobolds
  3 quokkas
  11 ball pythons
  2 frilled lizards (D:1)
  4 rats (D:1)
82 creatures vanquished.

Notes
Turn   | Place    | Note
-------+----------+-------------------------------------------
     0 | D:1      | Heh the Coglin Gladiator began the quest for the Orb.
     0 | D:1      | Reached XP level 1. HP: 16/16 MP: 1/1
    33 | D:1      | Reached XP level 2. HP: 22/22 MP: 2/2
   205 | D:1      | Reached skill level 4 in Long Blades
   310 | D:1      | Reached XP level 3. HP: 23/27 MP: 3/3
   856 | D:2      | Reached XP level 4. HP: 26/33 MP: 4/4
   943 | D:2      | Reached skill level 5 in Long Blades
   943 | D:2      | You fall into a shaft and drop 2 floors!
   949 | D:4      | Found a staircase to the Ecumenical Temple.
   975 | D:4      | Reached XP level 5. HP: 26/38 MP: 5/5
   982 | Temple   | Entered the Ecumenical Temple
  1047 | Temple   | Became a worshipper of Gozag Ym Sagoz the Greedy
  1075 | D:5      | Entered Level 5 of the Dungeon
  1282 | D:5      | Reached skill level 6 in Long Blades
  1358 | D:5      | Reached XP level 6. HP: 29/44 MP: 6/6
  1508 | D:4      | Reached skill level 7 in Long Blades
  1526 | D:4      | Reached XP level 7. HP: 36/50 MP: 7/7
  1636 | D:4      | Reached skill level 8 in Long Blades
  1917 | D:4      | Reached skill level 9 in Long Blades
  2202 | D:6      | Noticed Duvessa
  2202 | D:6      | Noticed Dowan
  2658 | D:6      | Reached XP level 8. HP: 39/56 MP: 8/8
  3173 | D:6      | Killed from afar by a steam dragon

Illustrated notes

Levels and vault maps discovered:
D:1:      elethiomel_arrival_shortcut, layout_basic
D:2:      layout_rooms, serial_shops, shop_fountains
D:4:      layout_loops_ring, minmay_temple_entry_purple_smoke, serial_undead,
          serial_undead_c, serial_undead_a, serial_undead_c, serial_undead_a,
          serial_undead_b, serial_undead_b, due_unseen_surprise
D:5:      layout_loops_corners, lemuel_flamethrower_2
D:6:      layout_loops_corners, mainiacjoe_overflow_large_starburst,
          kennysheep_generic_room_3, uniq_eustachio, uniq_duvessa
Temple:   nicolae_temple_slightly_damp_pantheon

Skill      XL: |  1  2  3  4  5  6  7 |
---------------+----------------------+-----
Long Blades    | 4 5 6 7 9 |  9.7
Fighting       | |  2.0
Throwing       | |  1.7
Dodging        | |  2.6

Action                     |  1- 3 |  4- 6 |  7- 9 || total
---------------------------+-------+-------+-------++-------
  Melee: Long sword        |    83 |    74 |   102 ||   259
         Dagger            |    72 |    35 |       ||   107
         Short sword       |       |    34 |    99 ||   133
  Throw: Throwing net      |       |       |     2 ||     2
    Use: Potion            |     1 |     2 |     2 ||     5
 Armour: Leather armour    |    19 |       |       ||    19
         Ring mail         |    68 |    46 |    81 ||   195
  Dodge: Dodged            |    74 |    42 |    63 ||   179

Table legend: (Time is in decaauts)
 A = Elapsed time spent in this place.
 B = Non-inter-level travel time spent in this place.
 C = Inter-level travel time spent in this place.
 D = Time resting spent in this place.
 E = Time spent auto-exploring this place.
 F = Levels seen in this place.
 G = Mean time per level.
                   A        B        C        D        E       F      G
               +--------+--------+--------+--------+--------+-----+--------+
         Total |   3159 |   2922 |    237 |    325 |   1975 |   6 |  526.5 |
       Dungeon |   3072 |   2872 |    200 |    325 |   1937 |   5 |  614.4 |
        Temple |     86 |     49 |     37 |      0 |     38 |   1 |   86.0 |
               +--------+--------+--------+--------+--------+-----+--------+

Top non-repeatable levels by time:
     D:6: 962 daAuts
     D:4: 779 daAuts
     D:1: 663 daAuts
     D:5: 384 daAuts
     D:2: 282 daAuts
  Temple: 86 daAuts
